 Dungeon Crawl Stone Soup version 0.31-a0-496-g6f97920a28 (webtiles) character file.

Game seed: 11796063162464577187

1099 Newt the Changeling (level 8, -1/68 HPs)
             Began as a Green Draconian Shapeshifter on Aug 8, 2023.
             Killed from afar by an acid dragon (17 damage)
             ... with a splash of acid
             ... on level 5 of the Dungeon.
             The game lasted 00:03:31 (4220 turns).

Newt the Changeling (Green Draconian Shapeshifter)  Turns: 4220, Time: 00:03:31

Health: -1/68      AC:  6    Str: 20    XL:     8   Next: 10%
Magic:  0/8        EV: 12    Int:  9    God:
Gold:   215        SH:  0    Dex: 11    Spells: 7/7 levels left

rFire   . . .        j - +0 hand axe (elec)
rCold   . . .        (no shield)
rNeg    . . .        (body armour unavailable)
rPois   +            (helmet currently unavailable)
rElec   .            (cloak currently unavailable)
rCorr   .            (gloves currently unavailable)
SInv    .            (boots currently unavailable)
Will    .....        k - amulet of guardian spirit
Stlth   +            (no ring)
HPRegen 0.31/turn    (no ring)
MPRegen 0.11/turn

%: guardian spirit
@: beast-form
A: beast (slay +4), breathe noxious fumes, AC +6, unfitting armour, poison
resistance, cold-blooded
a: Breathe Noxious Fumes, Begin Untransformation


You were on level 5 of the Dungeon.
You were a hulking beast.
You visited 1 branch of the dungeon, and saw 5 of its levels.

You collected 215 gold pieces.

Inventory:

Hand Weapons
 d - a +1 dagger of venom
 g - a +1 heavy long sword
 j - a +0 hand axe of electrocution (weapon)
Missiles
 l - 3 poisoned darts
Jewellery
 k - an amulet of guardian spirit (around neck)
Talismans
 b - a beast talisman (active)
 c - a flux talisman
Wands
 i - a wand of charming (10)
Scrolls
 h - a scroll of fog
 o - a scroll of enchant armour
Potions
 a - a potion of lignification
 e - a potion of magic {unknown}
 f - 3 potions of curing
 m - a potion of attraction {unknown}
 n - a potion of might {unknown}


   Skills:
 - Level 5.0 Fighting
 - Level 5.0 Axes
 + Level 2.6 Dodging
 - Level 3.0 Unarmed Combat
 - Level 6.0 Shapeshifting


You had 7 spell levels left.
You didn't know any spells.
Your spell library contained the following spells:

 Spells                   Type           Power      Damage    Failure   Level
 Apportation              Tloc           0%         N/A       38%         1
 Sandblast                Erth           0%         2d4       38%         1
 Shock                    Conj/Air       0%         1d3       38%         1
 Passwall                 Tmut/Erth      0%         N/A       52%         2
 Stone Arrow              Conj/Erth      0%         3d7       77%         3
 Swiftness                Air            0%         N/A       77%         3
 Airstrike                Air            0%         2d(0-16)  99%         4
 Alistair's Intoxication  Tmut/Pois      0%         N/A       100%        5


Dungeon Overview and Level Annotations

Branches:
Dungeon (5/15)
 Temple: D:4-7

Altars:
Ashenzari
Fedhas
Hepliaklqana
Makhleb
Uskayaw
Xom

Shops:
D:1 :(   D:4 *


Innate Abilities, Weirdness & Mutations

You are a hulking beast.
Your limbs bulge with bestial killing power. (Slay +4)
You can breathe blasts of noxious fumes.
Your lurid green scales are hard. (AC +6)
You cannot fit into any form of body armour.
Your system is resistant to poisons. (rPois)
You are cold-blooded and may be slowed by cold attacks.


Message History

You hit the acid dragon.
Lightning courses through the acid dragon!
The acid dragon is severely wounded.
The acid dragon bites you but does no damage.
The acid dragon claws you but does no damage.
You hit the acid dragon but do no damage.
The acid dragon is severely wounded.
The acid dragon bites you. The acid dragon barely misses you.
You hit the acid dragon but do no damage.
You tail-slap the acid dragon, but do no damage.
The acid dragon is severely wounded.
The acid dragon spits acid at you. The splash of acid hits you!!
The acid corrodes you!
You are too injured to fight recklessly!
You are too injured to fight recklessly!
You are too injured to fight recklessly!
You are too injured to fight recklessly!
You are too injured to fight recklessly!
Aiming: Breathe Noxious Fumes (4% risk of failure)
Press: ? - help, Q - select action, (/) - cycle Shift-Dir - straight line, f - you You exhale a blast of noxious fumes.
The blast of choking fumes hits you. The acid dragon bites you!
The acid dragon claws you.
* * * LOW HITPOINT WARNING * * *
Unknown command.
Unknown command.
The acid dragon spits acid at you. The splash of acid hits you!
* * * LOW HITPOINT WARNING * * *
Aiming: Charm
Press: ? - help, Shift-Dir - straight line, f - acid dragon
Aim: an acid dragon (severely wounded, chance to affect: 49%)
The acid dragon is charmed.
You have got your breath back.
You start resting.
You are no longer corroded.
You start resting.
The acid dragon is no longer charmed.
The acid dragon spits acid at you. The splash of acid hits you!!
You die...

...##.#
..#...############..##...
...##.# ....#.#
..........<....# ##.....
..###.# .######.##.....#
...... ###.##...###
.###### ##...##....## #
#..##........
###.##..#......
#.#########...#....).....
#......Dh.........##.....
#...###..........###.....
# #..........# ######
#.########## #..# ...##
.... .###


You could see an acid dragon (catching breath).

Vanquished Creatures
  Pikel (D:4)
  Grinder (D:4)
  A centaur (D:5)
  A lemure (D:4)
  Blork the orc (D:4)
  A jelly (D:4)
  4 orc priests
  An orc wizard (D:4)
  5 adders
  A shadow imp (D:5)
  5 dart slugs
  16 orcs
  7 ball pythons
  7 bats
  3 endoplasms
  2 giant cockroaches
  9 hobgoblins
  7 jackals
  3 kobolds
  2 quokkas
  4 goblins
  5 rats
87 creatures vanquished.

Notes
Turn   | Place    | Note
-------+----------+-------------------------------------------
     0 | D:1      | Newt the Draconian Shapeshifter began the quest for the
                  | Orb.
     0 | D:1      | Reached XP level 1. HP: 16/16 MP: 1/1
    54 | D:1      | Found a faded altar of an unknown god.
   245 | D:1      | Found Atibi's Weapon Boutique.
   273 | D:1      | Reached XP level 2. HP: 23/25 MP: 2/2
   366 | D:1      | Found Azuer's Book Boutique.
   576 | D:1      | Reached XP level 3. HP: 31/31 MP: 3/3
  1508 | D:2      | Found a shimmering altar of Xom.
  1719 | D:3      | Found a burning altar of Makhleb.
  2173 | D:3      | Reached skill level 4 in Shapeshifting
  2173 | D:3      | Reached XP level 4. HP: 38/38 MP: 4/4
  2180 | D:3      | HP: 1/38 [quokka (4)]
  2500 | D:3      | Found a hazy altar of Hepliaklqana.
  2585 | D:3      | Found a broken altar of Ashenzari.
  2994 | D:4      | Noticed Pikel
  2994 | D:4      | Noticed a lemure
  2994 | D:4      | Noticed a lemure
  2995 | D:4      | Noticed a lemure
  2996 | D:4      | Noticed a lemure
  2999 | D:4      | Killed a lemure
  3003 | D:4      | Killed Pikel
  3004 | D:4      | Reached skill level 6 in Shapeshifting
  3004 | D:4      | Reached XP level 5. HP: 14/47 MP: 1/5
  3004 | D:4      | Reached XP level 6. HP: 16/53 MP: 1/6
  3004 | D:4      | Your scales start taking on a lurid green colour.
  3004 | D:4      | Reached XP level 7. HP: 18/60 MP: 1/7
  3004 | D:4      | Gained mutation: Your system is resistant to poisons.
                  | (rPois) [Green Draconian growth]
  3223 | D:4      | Reached skill level 5 in Fighting
  3273 | D:4      | Found Igueca's General Store.
  3279 | D:4      | Reached skill level 1 in Axes
  3443 | D:4      | Found a blossoming altar of Fedhas.
  3499 | D:4      | Noticed Grinder
  3510 | D:4      | Killed Grinder
  3663 | D:4      | Noticed Blork the orc
  3673 | D:4      | Killed Blork the orc
  3821 | D:5      | Entered Level 5 of the Dungeon
  3896 | D:5      | Reached XP level 8. HP: 44/68 MP: 5/8
  3905 | D:5      | Reached skill level 5 in Axes
  4029 | D:5      | Found a hide-covered altar of Uskayaw.
  4220 | D:5      | Killed from afar by an acid dragon

Illustrated notes

Levels and vault maps discovered:
D:1:      spicycebolla_arrival_xxxplode, layout_basic,
          shapermc_ecumenical_altar_flowoftime, serial_forest,
          infiniplex_forest_end_1, infiniplex_forest_lined_1,
          infiniplex_forest_corner_2, infiniplex_forest_zigzag_2, serial_shops,
          shop, nicolae_shop_hallway_plus
D:2:      layout_basic, basic_altar
D:3:      layout_basic, lemuel_round_altar, lemuel_doored_altar,
          amcnicky_altar_gilded, nicolae_figureground_sparkle
D:4:      layout_basic, fedhas_altar_1, serial_shops, shop, uniq_pikel,
          uniq_blork_the_orc, uniq_grinder
D:5:      layout_rooms, lemuel_round_altar, mainiacjoe_overflow_alcove_2,
          nemelex_dance_club_becter, minmay_temple_entry_from_below_a,
          minmay_hollow_rounded_squares

Skill      XL: |  1  2  3  4  5  6  7  8 |
---------------+-------------------------+-----
Fighting       | 2 3 4 5 |  5.0
Shapeshifting  | 4 6 |  6.0
Axes           | 4 5 |  5.0
Dodging        | 2 |  2.6
Unarmed Combat | |  3.0

Action                     |  1- 3 |  4- 6 |  7- 9 || total
---------------------------+-------+-------+-------++-------
  Melee: Dagger            |    76 |       |       ||    76
         Tailslap          |    14 |     2 |    13 ||    29
         Unarmed           |     2 |       |       ||     2
         Long sword        |    33 |    10 |       ||    43
         Punch             |     1 |       |     1 ||     2
         Hand axe          |       |    23 |    81 ||   104
Ability: Breathe Noxious F |       |       |     4 ||     4
  Evoke: Wand              |       |       |     1 ||     1
    Use: Scroll            |     9 |       |       ||     9
         Potion            |       |     2 |       ||     2
   Stab: Sleeping          |     1 |       |       ||     1
 Armour: Skin              |    44 |    16 |    32 ||    92
  Dodge: Dodged            |    97 |    44 |    66 ||   207

Table legend: (Time is in decaauts)
 A = Elapsed time spent in this place.
 B = Non-inter-level travel time spent in this place.
 C = Inter-level travel time spent in this place.
 D = Time resting spent in this place.
 E = Time spent auto-exploring this place.
 F = Levels seen in this place.
 G = Mean time per level.
                   A        B        C        D        E       F      G
               +--------+--------+--------+--------+--------+-----+--------+
         Total |   4292 |   4177 |    115 |    821 |   2766 |   5 |  858.4 |
       Dungeon |   4292 |   4177 |    115 |    821 |   2766 |   5 |  858.4 |
               +--------+--------+--------+--------+--------+-----+--------+

Top non-repeatable levels by time:
     D:3: 1302 daAuts
     D:1: 980 daAuts
     D:4: 874 daAuts
     D:2: 733 daAuts
     D:5: 401 daAuts
